 Dungeon Crawl Stone Soup version 0.29.1-15-g9cfb28693d (webtiles) character file.

Game seed: 4598875962976897281

1065 EarthwalkerPL the Trooper (level 8, 0/73 HPs)
             Began as a Minotaur Fighter on Mar 26, 2023.
             Slain by an unseen horror (4 damage)
             ... on level 5 of the Dungeon.
             The game lasted 00:05:51 (4271 turns).

EarthwalkerPL the Trooper (Minotaur Fighter)        Turns: 4271, Time: 00:05:52

Health: 0/73       AC: 10    Str: 23    XL:     8   Next: 6%
Magic:  7/7        EV:  9    Int:  5    God:
Gold:   165        SH:  5    Dex: 10    Spells: 7/7 levels left

rFire   + . .      SeeInvis .   a - +0 war axe
rCold   . . .      Faith    .   c - +0 buckler
rNeg    . . .      Spirit   .   b - +0 scale mail
rPois   .          Reflect  .   (helmet restricted)
rElec   .          Harm     .   m - +1 cloak {Will+}
rCorr   .          Rampage  .   (no gloves)
Will    +....                   (no boots)
Stlth   ..........              p - amulet of the acrobat
HPRegen 0.22/turn               G - ring of protection from fire
MPRegen 0.10/turn               (no ring)

@: no status effects
A: horns 2, retaliatory headbutt
a: no special abilities


You were on level 5 of the Dungeon.
You visited 1 branch of the dungeon, and saw 5 of its levels.

You collected 165 gold pieces.

Inventory:

Hand Weapons
 a - a +0 war axe (weapon)
Missiles
 f - 2 javelins
 t - 10 poisoned darts (quivered)
 x - 5 boomerangs
 B - a throwing net
Armour
 b - a +0 scale mail (worn)
 c - a +0 buckler (worn)
 m - a +1 cloak of willpower (worn)
Jewellery
 p - an amulet of the acrobat (around neck)
 G - a ring of protection from fire (left hand)
Wands
 w - a wand of paralysis (7)
 D - a wand of roots (9)
Scrolls
 l - a scroll of fear {unknown}
 n - 4 scrolls of teleportation
 o - 4 scrolls of amnesia
 r - a scroll of magic mapping {unknown}
 s - a scroll of blinking {unknown}
 u - 3 scrolls of fog {unknown}
 v - a scroll of enchant weapon {unknown}
 y - a scroll of poison {unknown}
 z - a scroll of enchant armour {unknown}
 A - 2 scrolls of identify {unknown}
Potions
 d - 2 potions of might
 e - 5 potions of curing {unknown}
 g - 3 potions of flight {unknown}
 h - 3 potions of haste {unknown}
 i - 3 potions of degeneration {unknown}
 j - a potion of mutation {unknown}
 k - a potion of heal wounds {unknown}
 q - 2 potions of attraction {unknown}
 C - a potion of resistance {unknown}
 E - a potion of berserk rage {unknown}
 F - a potion of lignification {unknown}


   Skills:
 * Level 7.1 Fighting
 * Level 6.4 Axes
 * Level 7.0 Armour
 + Level 5.5 Shields


You had 7 spell levels left.
You didn't know any spells.
Your spell library was empty.

Dungeon Overview and Level Annotations

Branches:
Dungeon (5/15)
 Temple: D:4-7

Altars:
Cheibriados
Hepliaklqana
The Shining One

Shops:
D:1 (   D:4 **

Annotations:
D:4 2 transporters, vampirul's ghost, novice GnWn


Innate Abilities, Weirdness & Mutations

You have a pair of horns on your head.
You reflexively headbutt those who attack you in melee.


Message History

The ice beast freezes you!
You slash the ice beast! Your headbutt misses the ice beast.
The ice beast is severely wounded.
Something hits you. The ice beast misses you. You furiously retaliate!
You headbutt the ice beast. You slash the ice beast!
You kill the ice beast!
You block something's attack. Something hits you.
Your Fighting skill increases to level 7!
Your Armour skill increases to level 7!
You have reached level 8!
You feel stronger. Something hits you. Something hits you but does no damage.
Something completely misses you. Something barely misses you.
You miss something. Something hits you but does no damage. Something hits you.
Something hits you. Something closely misses you.
Something closely misses you. x2; Something hits you.
Something hits you. You block something's attack. Something barely misses you.
Something hits you but does no damage. Something barely misses you.
Something hits you! Something closely misses you. Something hits you.
Things that are here:
a +0 robe; a +0 dagger Something barely misses you.
Something closely misses you. Something hits you but does no damage.
Something hits you!
* * * LOW HITPOINT WARNING * * *
Something misses you. Something hits you.
* * * LOW HITPOINT WARNING * * *
Something hits you!
* * * LOW HITPOINT WARNING * * *
You block something's attack. Something hits you but does no damage.
You barely miss something. Something hits you.
You die...

#/..#.............. #..#
..#...#............##..#
...#...#.##..#####....#
.........#..## #...###
.#...#.....## ###.#...#
.#...#..### #.)<# #<#
..#..[#.# #.### #.#
.#...#..# ####.# #.#
#...#...####..@.# #.#
........รท[##..#### #.##
.>..#...#.##.#### #..##
#.......#.......#
##..###
##...#..###.....# ##...#
...............####
###....#
......###.........#####
###..#
..........#...........#
....
####..####....##....)#
...


There were no monsters in sight!

Vanquished Creatures
  Grinder (D:3)
  An ice beast (D:5)
  An ogre (D:4)
  A phantom (D:5)
  A bullfrog (D:4)
  3 scorpions (D:5)
  2 iguanas (D:5)
  Ijyb (D:3)
  3 orc wizards
  Robin (D:3)
  3 gnolls (D:4)
  8 adders
  A shadow imp (D:5)
  A white imp (D:5)
  An ufetubus (D:5)
  A worm (D:2)
  5 dart slugs
  5 orcs (D:4)
  5 ball pythons
  6 bats
  5 endoplasms
  7 giant cockroaches
  10 goblins
  6 hobgoblins
  8 jackals
  7 kobolds
  4 quokkas
  4 frilled lizards
  7 rats
109 creatures vanquished.

Vanquished Creatures (others)
  2 plants (D:3)
2 creatures vanquished.

Grand Total: 111 creatures vanquished

Notes
Turn   | Place    | Note
-------+----------+-------------------------------------------
     0 | D:1      | EarthwalkerPL the Minotaur Fighter began the quest for the
                  | Orb.
     0 | D:1      | Reached XP level 1. HP: 19/19 MP: 0/0
   160 | D:1      | Reached XP level 2. HP: 14/27 MP: 1/1
   310 | D:1      | Found a faded altar of an unknown god.
   433 | D:1      | Found Arageg's Antique Weapon Shop.
   597 | D:1      | Reached XP level 3. HP: 30/33 MP: 2/2
  1585 | D:2      | Reached XP level 4. HP: 41/41 MP: 3/3
  1806 | D:3      | Noticed Robin
  1819 | D:3      | Killed Robin
  2171 | D:3      | Noticed Ijyb
  2188 | D:3      | Killed Ijyb
  2189 | D:3      | Reached skill level 5 in Fighting
  2189 | D:3      | Reached XP level 5. HP: 39/48 MP: 4/4
  2275 | D:3      | Noticed Grinder
  2290 | D:3      | Killed Grinder
  2291 | D:3      | Reached skill level 5 in Armour
  2291 | D:3      | Reached XP level 6. HP: 55/57 MP: 5/5
  2450 | D:3      | Found a hazy altar of Hepliaklqana.
  2826 | D:4      | Found Hukk's Gadget Gallery.
  2885 | D:4      | Found Zagaliubb's General Store.
  3231 | D:4      | Found a snail-covered altar of Cheibriados.
  3255 | D:4      | Reached skill level 5 in Axes
  3282 | D:4      | You fall into a shaft and drop 1 floor!
  3282 | D:5      | Entered Level 5 of the Dungeon
  3386 | D:4      | Found a transporter.
  3387 | D:4      | Noticed vampirul's ghost (novice GnWn)
  3399 | D:4      | Found a transporter.
  3640 | D:4      | Reached XP level 7. HP: 49/63 MP: 6/6
  3726 | D:4      | Found a glowing golden altar of the Shining One.
  3872 | D:5      | Reached skill level 5 in Shields
  4250 | D:5      | Reached XP level 8. HP: 49/73 MP: 7/7
  4268 | D:5      | HP: 3/73 [something (9)]
  4271 | D:5      | Slain by an unseen horror

Illustrated notes

Levels and vault maps discovered:
D:1:      minmay_arrival_four_circles, layout_basic, serial_shops, shop,
          ebering_ecumenical_altar_webs
D:2:      minmay_general_purpose_star, layout_basic
D:3:      layout_basic, nicolae_hepliaklqana_hazy_memory, uniq_robin, uniq_ijyb,
          uniq_grinder
D:4:      layout_basic, mainiacjoe_overflow_alcove_1,
          lemuel_coloured_pillars_altar, serial_shops, shop,
          gammafunk_ghost_mausoleum, nicolae_shop_gadgets
D:5:      cheibrodos_fzero, layout_rooms, minmay_small_thing

Skill      XL: |  1  2  3  4  5  6  7 |
---------------+----------------------+-----
Fighting       | 4 5 6 7 |  7.1
Armour         | 4 5 6 7 |  7.0
Axes           | 3 4 5 6 |  6.4
Shields        | 4 5 |  5.5

Action                   |  1- 3 |  4- 6 |  7- 9 || total
-------------------------+-------+-------+-------++-------
Melee: War axe           |    81 |   137 |    57 ||   275
       Headbutt          |    14 |    19 |     7 ||    40
Throw: Dart              |       |     9 |       ||     9
       Javelin           |       |     1 |       ||     1
  Use: Scroll            |       |     2 |       ||     2
Armor: Scale mail        |    47 |    60 |    48 ||   155
Dodge: Dodged            |    45 |    55 |    50 ||   150
Block: Buckler           |    23 |    30 |    15 ||    68
